 Dungeon Crawl Stone Soup version 0.22-a0-848-ge9e22a0 (webtiles) character file.

40 protoss039 the Skirmisher (level 3, -6/33 HPs)
             Began as a Minotaur Fighter on July 26, 2018.
             Killed from afar by Sigmund (10 damage)
             ... with a puff of flame
             ... on level 2 of the Dungeon.
             The game lasted 00:01:31 (805 turns).

protoss039 the Skirmisher (Minotaur Fighter)         Turns: 805, Time: 00:01:31

Health: -6/33      AC:  6    Str: 21    XL:     3   Next: 30%
Magic:  2/2        EV:  7    Int:  5    God:
Gold:   57         SH:  9    Dex:  9    Spells: 2/2 levels left

rFire    . . .     SeeInvis .   a - +0 war axe
rCold    . . .     Gourm    .   c - +0 shield
rNeg     . . .     Faith    .   b - +0 scale mail
rPois    .         Spirit   .   (helmet restricted)
rElec    .         Reflect  .   (no cloak)
rCorr    .         Harm     .   (no gloves)
MR       .....                  (no boots)
Stlth    ..........             (no amulet)
HPRegen  0.11/turn              (no ring)
MPRegen  0.08/turn              (no ring)

@: no status effects
A: retaliatory headbutt, horns 2
a: no special abilities


You were on level 2 of the Dungeon.
You were not hungry.

You visited 1 branch of the dungeon, and saw 2 of its levels.

You collected 57 gold pieces.

Inventory:

Hand Weapons
 a - a +0 war axe (weapon)
Armour
 b - a +0 scale mail (worn)
 c - a +0 shield (worn)
Jewellery
 m - an uncursed amulet of the gourmand {unknown}
Scrolls
 e - a scroll of random uselessness {unknown}
 g - 2 scrolls of identify {unknown}
 h - 2 scrolls of remove curse {unknown}
 n - a scroll of fog {unknown}
Potions
 d - a potion of might
 i - a potion of mutation {unknown}
 j - 2 potions of haste {unknown}
 k - a potion of brilliance {unknown}
 l - a potion of berserk rage {unknown}
Comestibles
 f - 2 rations
 o - 4 chunks of flesh


   Skills:
 + Level 4.2 Fighting
 * Level 4.0 Axes
 - Level 3.6 Armour
 - Level 3.6 Shields


You had 2 spell levels left.
You didn't know any spells.
Your spell library was empty.

Dungeon Overview and Level Annotations

Branches:
Dungeon (2/15)

Altars:

Annotations:
D:2 Sigmund


Innate Abilities, Weirdness & Mutations

You reflexively headbutt those who attack you in melee.
You have a pair of horns on your head.


Message History

A bat is nearby!
You slash the bat!
You kill the bat!
There is a strange disturbance nearby!
No target in view!
Unknown command.
Something hits you.
There is an open door here.
Something hits you!
You slash something! Something hits you but does no damage.
You closely miss something. Something hits you!
* * * LOW HITPOINT WARNING * * *
You barely miss something. Something hits you but does no damage.
Your shield prevents you from hitting something.
Something hits you but does no damage.
You closely miss something. You headbutt something.
You hear some strange, mumbled words.
A puff of flame appears from out of thin air!
The puff of flame hits you!
You die...

#....# .... #....# ....
#....### ##... +.......
#...# ###...##### #...#
#.{.†...... #...#
#.###....## #...###.#
....#+ #...'@..# ......
#...######+#......
########...>............
........###..........# #
........'.+..........#
........###....)....##.#
.###..#................#
#.....#....#....#####
#..#..#....#....#


There were no monsters in sight!

Vanquished Creatures
  A gnoll (D:1)
  An adder (D:2)
  An ooze (D:1)
  A dart slug (D:2)
  4 bats
  2 giant cockroaches (D:1)
  2 hobgoblins
  A frilled lizard (D:1)
  A goblin (D:2)
  A kobold (D:1)
  2 rats (D:1)
17 creatures vanquished.

Notes
Turn   | Place    | Note
-------+----------+-------------------------------------------
     0 | D:1      | protoss039 the Minotaur Fighter began the quest for the Orb.
     0 | D:1      | Reached XP level 1. HP: 19/19 MP: 0/0
   220 | D:1      | Reached XP level 2. HP: 27/27 MP: 1/1
   757 | D:2      | Reached XP level 3. HP: 33/33 MP: 2/2
   787 | D:2      | Noticed Sigmund
   805 | D:2      | Killed from afar by Sigmund

Vault maps used:
D:1:      dpeg_arrival_rhombi, interstate_on_off
D:2:      nicolae_ru_great_annihilating_truth, uniq_sigmund, uniq_terence

Skill      XL: |  1  2  3 |
---------------+----------+-----
Axes           | 3 4 |  4.0
Fighting       | 4 |  4.2
Armour         | |  3.6
Shields        | |  3.6

Action                   || total
-------------------------++-------
Melee: War axe           ||    52
       Headbutt          ||     8
Armor: Scale mail        ||    26
Dodge: Dodged            ||    15
Block: Shield            ||    31

Table legend:
 A = Spawn XP
 B = Non-spawn XP
 C = Spawn XP percentage of total XP
 D = Spawn monster count
 E = Non-spawn monster count
 F = Spawn count percentage of total count
 G = Total turns spent on level
                    A         B        C        D         E        F      G
               +---------+---------+-------+---------+---------+-------+---------
         Total |       0 |      58 |   0.0 |       0 |      17 |   0.0 |   805
               +---------+---------+-------+---------+---------+-------+---------
           D:1 |       0 |      36 |   0.0 |       0 |      12 |   0.0 |   753
           D:2 |       0 |      22 |   0.0 |       0 |       5 |   0.0 |    52
               +---------+---------+-------+---------+---------+-------+---------
